 Dungeon Crawl Stone Soup version 0.15-a0-1293-g4a08026 (webtiles) character file.

2564 Quh the Spear-Bearer (level 9, 0/63 HPs)
             Began as a Demonspawn Abyssal Knight on June 6, 2014.
             Was a High Priest of Lugonu.
             Slain by a killer bee (4 damage)
             ... on Level 7 of the Dungeon.
             The game lasted 00:40:06 (7182 turns).

Quh the Spear-Bearer (Demonspawn Abyssal Knight)    Turns: 7182, Time: 00:40:06

HP   0/63        AC 10     Str 15      XL: 9   Next: 31%
MP  21/21        EV  9     Int 15      God: Lugonu [*****.]
Gold 160         SH  0     Dex 15      Spells:  0 memorised,  8 levels left

rFire  . . .     SeeInvis .     a - +1 spear
rCold  + . .     Clarity  .     C - +1 chain mail
rNeg   . . .     rCorr    .     (no shield)
rPois  .         rRot     .     (helmet restricted)
rElec  .         Spirit   .     (no cloak)
SustAb .         Warding  .     z - +0 pair of gloves
rMut   .         Stasis   .     (no boots)
Gourm  .                        (no amulet)
MR     .....                    B - +3 ring of dexterity
                                P - ring of protection from cold

@: lethally poisoned, not resistant to hostile enchantments, extremely
unstealthy
A: horns 1, repulsion field 2, powered by death 2, spiny 2
a: Depart the Abyss, Bend Space, Banish, Corrupt, Enter the Abyss, Renounce
Religion


You were on level 7 of the Dungeon.
You worshipped Lugonu.
Lugonu was extremely pleased with you.
You were not hungry.

You visited 1 branch of the dungeon, and saw 7 of its levels.
You visited the Abyss 1 time.

You collected 160 gold pieces.

Inventory:

Hand weapons
 a - a +1,+1 spear (weapon)
 e - a +0,+0 halberd
 j - a +0,+2 dagger of draining
 n - a +0,+0 shortbow
 D - a +1,+1 shortbow
 G - a +2,+1 antimagic short sword
 K - a +1,+1 flail of protection
Missiles
 d - 127 stones (quivered)
 H - 8 arrows of flame
 W - 55 arrows
Armour
 z - a +0 pair of gloves (worn)
 C - a +1 chain mail (worn)
 R - a +0 shield
Magical devices
 v - a wand of confusion (4)
 S - a wand of cold (6)
Comestibles
 c - 6 bread rations
 o - a meat ration
 s - 3 beef jerkies
 A - 2 slices of pizza
 F - 6 fruits
Scrolls
 h - a scroll of recharging {unknown}
 i - 2 scrolls of identify
 m - 3 scrolls of magic mapping
 p - a scroll of enchant armour {unknown}
 q - a scroll of silence {unknown}
 r - a scroll of teleportation
 u - 2 scrolls of fog
 I - 4 scrolls of remove curse
 L - 2 scrolls of fear {unknown}
 N - a scroll of enchant weapon II {unknown}
 Q - 3 scrolls of random uselessness {unknown}
Jewellery
 k - an uncursed ring of protection from fire
 B - a +3 ring of dexterity (right hand)
 J - an uncursed ring of magical power
 P - a ring of protection from cold (left hand)
Potions
 b - a potion of flight
 f - a potion of poison {unknown}
 g - 3 potions of curing
 l - a potion of haste
 w - a potion of resistance
 x - a potion of heal wounds
 O - a potion of agility {unknown}
Books
 t - a book of Cantrips

   Spells                             Type                      Level
   Corona                             Hexes                        1
   Animate Skeleton                   Necromancy                   1
   Summon Small Mammal                Summoning                    1
   Apportation                        Translocation                1
Magical staves
 y - an uncursed staff of cold {unknown}


   Skills:
 - Level 3.0 Fighting
 * Level 10.0 Polearms
 - Level 1.7 Armour
 - Level 0.8 Dodging
 + Level 9.1 Invocations


You had 8 spell levels left.
You didn't know any spells.

Dungeon Overview and Level Annotations

Branches:
Dungeon (7/15)             Temple (0/1) D:7

Altars:
Cheibriados
Okawaru
Trog


Innate Abilities, Weirdness & Mutations

You have a pair of small horns on your head.
You are surrounded by a moderate repulsion field (EV +3).
You can steal the life force of defeated enemies.
You are mostly covered in sharp spines.


Message History

* * * LOW HITPOINT WARNING * * *
You feel less regenerative.
* * * LOW HITPOINT WARNING * * *
You feel sick.
The killer bee stings you but does no damage.
* * * LOW HITPOINT WARNING * * *
You feel sick. The killer bee barely misses you.
* * * LOW HITPOINT WARNING * * *
You feel sick. The killer bee barely misses you.
* * * LOW HITPOINT WARNING * * *
You feel sick.
The killer bee stings you but does no damage.
* * * LOW HITPOINT WARNING * * *
You feel sick.
The killer bee stings you but does no damage.
* * * LOW HITPOINT WARNING * * *
You feel sick. The killer bee barely misses you.
* * * LOW HITPOINT WARNING * * *
You feel sick. The killer bee stings you.
You die...

#.#.#.........#
#########.# #.#
#.# #.# #.#
#.#### #....#
#.##@# #.##y#
#.##.# #.##.#
##.##.##z#
........y#
##..####z# #.#
#)#


You could see 2 killer bees and 2 wights.

Vanquished Creatures
  A wyvern (D:5)
  A water moccasin (D:6)
  2 sky beasts
  A phantom (D:6)
  4 centaurs
  An ogre (D:5)
  An ice beast (D:6)
  Duvessa (D:4)
  A giant frog (D:5)
  A gnoll sergeant (D:6)
  2 scorpions (D:6)
  3 killer bees (D:7)
  4 wights
  Dowan (D:4)
  3 crimson imps
  3 orc priests
  A black bear zombie (D:5)
  2 orc wizards
  A centaur skeleton (D:4)
  3 jellies
  2 hounds
  An iguana (D:4)
  5 worker ants
  A big kobold zombie (D:5)
  Terence (D:3)
  4 gnolls (D:6)
  8 adders
  A gnoll zombie (D:6)
  A worm (D:2)
  An iguana skeleton (D:5)
  4 giant geckos
  2 oozes
  19 orcs
  2 giant cockroaches
  9 goblins
  14 hobgoblins
  4 jackals (D:2)
  8 kobolds
  3 quokkas
  3 ball pythons
  8 bats
  4 giant newts
  A hobgoblin skeleton (D:4)
  A hobgoblin zombie (D:6)
  An orc skeleton (D:4)
  15 rats
  3 rat skeletons
163 creatures vanquished.

Vanquished Creatures (others)
  A wizard (D:3)
  Natasha (D:4)
2 creatures vanquished.

Grand Total: 165 creatures vanquished

Notes
Turn   | Place    | Note
--------------------------------------------------------------
     0 | Abyss:1  | Quh, the Demonspawn Abyssal Knight, began the quest for the Orb.
     0 | Abyss:1  | Reached XP level 1. HP: 18/18 MP: 1/1
    52 | Abyss:1  | Noticed a small abomination
    52 | Abyss:1  | Noticed a large abomination
    54 | Abyss:1  | Noticed a neqoxec
    67 | D:1      | Escaped the Abyss
   416 | D:1      | Acquired Lugonu's first power
   703 | D:1      | Gained mutation: You have a pair of small horns on your head. [demonic ancestry]
   703 | D:1      | Reached XP level 2. HP: 22/24 MP: 2/2
  1364 | D:2      | Gained mutation: You are partially covered in sharp spines. [demonic ancestry]
  1364 | D:2      | Reached XP level 3. HP: 13/29 MP: 4/4
  1941 | D:2      | Acquired Lugonu's second power
  1947 | D:2      | HP: 1/29 [quokka (1)]
  2337 | D:2      | Gained mutation: You can steal the life force of nearby defeated enemies. [demonic ancestry]
  2337 | D:2      | Reached XP level 4. HP: 12/35 MP: 5/5
  2425 | D:3      | Found a snail-covered altar of Cheibriados.
  2431 | D:3      | Found a bloodstained altar of Trog.
  2431 | D:3      | Found an iron altar of Okawaru.
  2431 | D:3      | Noticed Terence
  2436 | D:3      | Reached skill level 4 in Polearms
  2456 | D:3      | Killed Terence
  2549 | D:3      | Found a bloodstained altar of Trog.
  2923 | D:3      | Noticed a wizard
  2928 | D:3      | Killed a wizard
  3008 | D:4      | Noticed a centaur
  3017 | D:4      | Gained mutation: You are surrounded by a mild repulsion field (EV +2). [demonic ancestry]
  3017 | D:4      | Reached XP level 5. HP: 37/41 MP: 7/7
  3023 | D:4      | Reached skill level 5 in Polearms
  3032 | D:4      | Killed a centaur
  3159 | D:4      | Acquired Lugonu's third power
  3172 | D:4      | Gained mutation: You can steal the life force of defeated enemies. [demonic ancestry]
  3172 | D:4      | Reached XP level 6. HP: 29/47 MP: 10/10
  3433 | D:4      | Noticed Dowan
  3448 | D:4      | Noticed Duvessa
  3495 | D:4      | Reached skill level 6 in Polearms
  3500 | D:4      | Killed Duvessa
  3502 | D:4      | Gained mutation: You are surrounded by a moderate repulsion field (EV +3). [demonic ancestry]
  3502 | D:4      | Reached XP level 7. HP: 27/52 MP: 13/13
  3508 | D:4      | Killed Dowan
  3645 | D:4      | Noticed Natasha
  3655 | D:4      | Killed Natasha
  3655 | D:4      | Reached skill level 5 in Invocations
  3846 | D:5      | Entered Level 5 of the Dungeon
  4034 | D:5      | Reached skill level 7 in Polearms
  4230 | D:5      | Noticed a wyvern
  4250 | D:5      | Killed a wyvern
  4382 | D:5      | Acquired Lugonu's fourth power
  4563 | D:5      | Gained mutation: You are mostly covered in sharp spines. [demonic ancestry]
  4563 | D:5      | Reached XP level 8. HP: 39/58 MP: 17/17
  4851 | D:6      | Reached skill level 8 in Polearms
  5061 | D:5      | HP: 1/58 [sky beast (6)]
  5816 | D:6      | Reached skill level 9 in Polearms
  6290 | D:6      | Reached XP level 9. HP: 54/63 MP: 20/20
  6320 | D:6      | Noticed a hill giant
  6956 | D:7      | Acquired Lugonu's fifth power
  7052 | D:7      | Found a staircase to the Ecumenical Temple.
  7143 | D:7      | Reached skill level 10 in Polearms
  7182 | D:7      | Slain by a killer bee

Action                   |  1- 3 |  4- 6 |  7- 9 || total
-------------------------+-------+-------+-------++-------
Melee: Spear             |    92 |   190 |   589 ||   871
Throw: Stone             |    23 |    30 |    26 ||    79
Invok: Depart the Abyss  |     1 |       |       ||     1
Evoke: Wand              |       |       |     1 ||     1
  Use: Scroll            |       |     2 |    14 ||    16
       Potion            |       |     2 |     4 ||     6
